AoeStats
← Funny Liquid

Arena

503888929Analyzed
1v1 RM · 1mo ago on Sep 2, 2026· 49m 4s· 2 players
Game mode
Random Map
Map size
Tiny (2 player)
Population
200
Speed
Normal
Resources
Standard
Victory
Conquest
Starting age
Dark Age
Ending age
Imperial Age
RankedLock teamsTeams togetherTeam positionsShared explorationLock speedFull tech treeHidden civsTurbo modeCheats
Victory
Defeat
🇮🇱 Shu · Israel
1486
+19
🇨🇴 Britons · Colombia
1547
-19
Funny Liquid
5:07 Loom
10:17 Feudal Age
11:37 Double-Bit Axe
11:40 Horse Collar
12:41 Loom
15:27 Wheelbarrow
15:25 Fletching
18:19 Stone Mining
22:48 Castle Age
24:04 Squires
24:19 Bodkin Arrow
27:25 Bow Saw
27:35 Heavy Plow
27:50 Husbandry
27:57 Scale Barding Armor
29:51 Scale Mail Armor
30:56 Hand Cart
31:03 Hand Cart
30:33 Town Watch
30:42 Town Watch
35:12 Imperial Age
33:40 Ballistics
34:24 Chain Barding Armor
34:16 Forging
34:35 Gold Mining
35:46 Chain Mail Armor
35:28 Onager
37:14 Plate Mail Armor
36:44 Bracer
38:45 Plate Barding Armor
39:59 Forging
41:14 Two-Man Saw
40:36 Siege Engineers
41:39 Gold Shaft Mining
43:00 Conscription
45:19 Elite Skirmisher
46:25 Bolt Magazine
47:03 Hoardings
49:23 Chemistry
48:35 Masonry
49:12 Herbal Medicine
49:29 Padded Archer Armor
49:29 Bracer
TVHG.LALO_CAESTA
9:29 Feudal Age
9:24 Loom
9:46 Man-at-Arms
12:22 Fletching
16:26 Wheelbarrow
16:26 Arson
24:51 Castle Age
24:55 Double-Bit Axe
31:54 Imperial Age
29:45 Horse Collar
32:25 Bodkin Arrow
33:17 Onager
35:54 Heated Shot
37:34 Chemistry
36:29 Town Watch
37:00 Hand Cart
39:59 Bracer
40:45 Yeomen
41:31 Conscription
41:29 Padded Archer Armor
41:59 Ballistics
46:19 Siege Engineers
Connection lost

Rejoining the realm…

Still unreachable

The connection could not be restored.

Session expired

The server has moved on; the page needs a fresh start.